 Dungeon Crawl Stone Soup version 0.30-a0-223-gcb0039aa0c (webtiles) character file.

Game seed: 13058259197148766691

87 Anias the Poker (level 4, 0/35 HPs)
             Began as a Merfolk Gladiator on Oct 9, 2022.
             Was an Initiate of Gozag.
             Killed from afar by an orc wizard (4 damage)
             ... with a puff of flame
             ... on level 3 of the Dungeon.
             The game lasted 00:07:56 (1872 turns).

Anias the Poker (Merfolk Gladiator)                 Turns: 1872, Time: 00:07:56

Health: 0/35       AC:  4    Str: 20    XL:     4   Next: 51%
Magic:  4/4        EV: 13    Int:  6    God:    Gozag
Gold:   209        SH:  0    Dex: 14    Spells: 3/3 levels left

rFire   . . .      SeeInvis +    a - +0 trident
rCold   + . .      Faith    .    (no shield)
rNeg    . . .      Spirit   .    b - +0 leather armour
rPois   .          Reflect  .    c - +0 helmet
rElec   .          Harm     .    (no cloak)
rCorr   .          Rampage  .    (no gloves)
Will    .....                    (no boots)
Stlth   +.........               (no amulet)
HPRegen 0.25/turn                (no ring)
MPRegen 0.09/turn                (no ring)

@: no status effects
A: (nimble swimmer 2), mertail, see invisible, cold resistance 1, strong 1,
devolution 1
a: Renounce Religion, Potion Petition, Call Merchant, Bribe Branch


You were on level 3 of the Dungeon.
You worshipped Gozag.
Gozag was aware of your devotion.
You visited 1 branch of the dungeon, and saw 3 of its levels.

You collected 250 gold pieces.
You paid 41 gold pieces to Gozag.

Inventory:

Hand Weapons
 a - a +0 trident (weapon)
Missiles
 d - 3 throwing nets (quivered)
 e - a javelin
Armour
 b - a +0 leather armour (worn)
 c - a +0 helmet (worn)
Scrolls
 f - a scroll of teleportation {unknown}
 g - a scroll of fog {unknown}
 h - a scroll of enchant armour {unknown}
 l - a scroll of fear {unknown}
Potions
 i - a potion of mutation
 j - a potion of ambrosia {unknown}
 k - a potion of brilliance {unknown}
 m - a potion of curing {unknown}


   Skills:
 + Level 3.1 Fighting
 + Level 4.8 Polearms
 - Level 2.0 Throwing
 + Level 1.2 Armour
 + Level 4.8 Dodging


You had 3 spell levels left.
You didn't know any spells.
Your spell library was empty.

Dungeon Overview and Level Annotations

Branches:
Dungeon (3/15)

Altars:
Gozag

Annotations:
D:3 Jessica


Innate Abilities, Weirdness & Mutations

((You are very nimble when in or above water. (Stealth+, EV+, Speed+++)))
Your lower body shifts to a powerful aquatic tail in water.
You have supernaturally acute eyesight. (SInv)
Your flesh is cold resistant. (rC+)
Your muscles are strong. (Str +4, Int/Dex -1)
You have hidden genetic defects.


Message History

You hit the orc.
The orc is almost dead.
The hobgoblin misses you. The orc closely misses you.
You hit the orc.
You kill the orc!
The hobgoblin closely misses you. The orc attacks as you move away!
The orc hits you with a +0 war axe. Jessica gestures at you while chanting.
Pain shoots through your body!
Jessica gestures wildly while chanting.
Jessica seems to speed up.
Jessica gestures wildly while chanting.
Jessica blinks!
Jessica gestures wildly while chanting.
Jessica blinks!
The orc attacks as you move away! The orc barely misses you.
Jessica mumbles some strange words.
Jessica blinks!
The orc attacks as you move away! The orc hits you with a +0 war axe.
The orc wizard gestures wildly while chanting.
The orc wizard flickers and vanishes!
Deactivating autopickup; reactivate with Ctrl-A.
Jessica is distracted by your dazzling golden aura.
The orc attacks as you move away! The orc closely misses you.
The orc attacks as you move away! The orc hits you with a +0 war axe.
You closely miss the orc. The orc closely misses you.
You hit the orc.
The orc is heavily wounded.
The orc hits you with a +0 war axe.
It was a potion of mutation.
You feel extremely strange.
You feel a hidden malignance growing inside you.
Your vision sharpens.
Reactivating autopickup.
You feel stronger.
You feel resistant to cold. The orc hits you with a +0 war axe!
* * * LOW HITPOINT WARNING * * *
The orc wizard gestures at you while chanting.
The puff of flame hits you.
You die...
Your body crumbles into a pile of gold.

#.# #. ... ... .... ...
##.#..#.# ......#.#
........ ... ..
#.#.##.### #..#
..###......o@# .....
.........#.#.# ..... ...
.......##g#.#......
...## #....##o#.#.....#
. ....
#...ยง..Jo.......# ..
#.. #..o..#.#.#.##..#
...#..##.J..............
.........{.............
#.##.$##..#@#.........##


You could see an orc wizard (invisible) and an orc.

Vanquished Creatures
  Natasha (D:1)
  An adder (D:2)
  A worm (D:2)
  A dart slug (D:1)
  An orc (D:3)
  A bat (D:2)
  2 endoplasms (D:1)
  A giant cockroach (D:1)
  8 hobgoblins
  3 jackals (D:1)
  6 kobolds
  A quokka (D:2)
  3 ball pythons (D:1)
  3 frilled lizards
  7 goblins
  5 rats (D:1)
45 creatures vanquished.

Notes
Turn   | Place    | Note
-------+----------+-------------------------------------------
     0 | D:1      | Anias the Merfolk Gladiator began the quest for the Orb.
     0 | D:1      | Reached XP level 1. HP: 16/16 MP: 1/1
   211 | D:1      | Found a faded altar of an unknown god.
   234 | D:1      | Reached XP level 2. HP: 23/23 MP: 2/2
   527 | D:1      | Reached XP level 3. HP: 26/28 MP: 3/3
   847 | D:2      | Found an opulent altar of Gozag.
   877 | D:2      | Noticed Natasha
   887 | D:2      | Became a worshipper of Gozag Ym Sagoz the Greedy
   915 | D:1      | Killed Natasha
   916 | D:1      | Reached skill level 1 in Armour
   916 | D:1      | Reached XP level 4. HP: 17/35 MP: 4/4
  1853 | D:3      | Noticed Jessica
  1871 | D:3      | Gained mutation: You have hidden genetic defects. [potion
                  | of mutation]
  1871 | D:3      | Gained mutation: You have supernaturally acute eyesight.
                  | (SInv) [potion of mutation]
  1871 | D:3      | Gained mutation: Your muscles are strong. (Str +4, Int/Dex
                  | -1) [potion of mutation]
  1871 | D:3      | Gained mutation: Your flesh is cold resistant. (rC+)
                  | [potion of mutation]
  1872 | D:3      | Killed from afar by an orc wizard

Illustrated notes

Levels and vault maps discovered:
D:1:      lightli_arrival_lavapool, layout_loops_ring, basic_ecumenical_altar
D:2:      cheibrodos_greedy_goblins, layout_rooms, basic_altar,
          corexii_leaking_fountain, uniq_natasha
D:3:      layout_basic, uniq_jessica, uniq_grinder

Skill      XL: |  1  2  3 |
---------------+----------+-----
Fighting       | 3 |  3.1
Armour         | 1 |  1.2
Polearms       | |  4.8
Throwing       | |  2.0
Dodging        | |  4.8

Action                   |  1- 3 |  4- 6 || total
-------------------------+-------+-------++-------
Melee: Trident           |    93 |    50 ||   143
  Use: Potion            |     1 |     1 ||     2
 Stab: Sleeping          |     1 |       ||     1
       Distracted        |       |     1 ||     1
Armor: Leather armour    |    23 |     7 ||    30
Dodge: Dodged            |    46 |    25 ||    71

Table legend: (Time is in decaauts)
 A = Elapsed time spent in this place.
 B = Non-inter-level travel time spent in this place.
 C = Inter-level travel time spent in this place.
 D = Time resting spent in this place.
 E = Time spent auto-exploring this place.
 F = Levels seen in this place.
 G = Mean time per level.
                   A        B        C        D        E       F      G
               +--------+--------+--------+--------+--------+-----+--------+
         Total |   1886 |   1820 |     66 |    147 |    951 |   3 |  628.7 |
       Dungeon |   1886 |   1820 |     66 |    147 |    951 |   3 |  628.7 |
               +--------+--------+--------+--------+--------+-----+--------+

Top non-repeatable levels by time:
     D:1: 1217 daAuts
     D:2: 625 daAuts
     D:3: 43 daAuts
